3A
MT. VERNON BULLS @ NIAGARA FALLS EXPOS
08/07/2022
 
TOP OF THE 1ST
Mt. Vernon Bulls batting - Pitching for Niagara Falls Expos : RHP Paco Peña
Pitching: RHP Paco Peña
Batting: RHB Franklin Gestel 0-0: Foul Ball, location: 2F
0-1: Ball
1-1: Swinging Strike
1-2: Ball
2-2: Foul Ball, location: 2F
2-2: Strikes out swinging
Batting: LHB Raúl Trevino 0-0: Called Strike
0-1: Swinging Strike
0-2: Strikes out looking
Batting: RHB Habbo Allaart 0-0: Ball
1-0: Ball
2-0: Called Strike
2-1: Swinging Strike
2-2: Fly out, F6 (Popup, 5D)
Top of the 1st over - 0 run(s), 0 hit(s), 0 error(s), 0 left on base; Mt. Vernon 0 - Niagara Falls 0
BOTTOM OF THE 1ST
Niagara Falls Expos batting - Pitching for Mt. Vernon Bulls : RHP Arnout Els
Pitching: RHP Arnout Els
Batting: RHB Michael Peterson 0-0: SINGLE (Groundball, 56D)
Batting: RHB Barkley B. Cooltimes 0-0: Fly out, F7 (Line Drive, 78S)
Batting: LHB Manny Valentín 0-0: Ball
1-0: Ball
2-0: Ball
3-0: Called Strike
3-1: Base on Balls
Michael Peterson to second
Batting: RHB John Thompson 0-0: Ball
Michael Peterson steals 3rd base
Manny Valentín to second
1-0: Ball
2-0: Swinging Strike
2-1: Ground out 6-3 (Groundball, 6)
Michael Peterson scores
Batting: RHB Eduardo Torres 0-0: Swinging Strike
0-1: Ball
1-1: Swinging Strike
1-2: Ball
2-2: Fly out, F7 (Flyball, 8LS)
Bottom of the 1st over - 1 run(s), 1 hit(s), 0 error(s), 1 left on base; Mt. Vernon 0 - Niagara Falls 1
TOP OF THE 2ND
Mt. Vernon Bulls batting - Pitching for Niagara Falls Expos : RHP Paco Peña
Batting: RHB Alfredo Mojica 0-0: SINGLE (Groundball, 4MD)
Batting: RHB Luis González 0-0: Foul Ball, location: 2F
0-1: Ball
1-1: Ball
2-1: Foul Ball, location: 2F
2-2: SINGLE (Groundball, 56S)
Alfredo Mojica to second
Batting: RHB Dennis Morrow 0-0: Called Strike
0-1: Ball
1-1: Called Strike
1-2: Fly out, F6 (Popup, 3F)
Batting: RHB Jim Unknown 0-0: Fly out, F9 (Flyball, 9LS)
Batting: RHB Luis Campos 0-0: Foul Ball, location: 2F
0-1: Ball
1-1: Fly out, F8 (Flyball, 8LM)
Top of the 2nd over - 0 run(s), 2 hit(s), 0 error(s), 2 left on base; Mt. Vernon 0 - Niagara Falls 1
BOTTOM OF THE 2ND
Niagara Falls Expos batting - Pitching for Mt. Vernon Bulls : RHP Arnout Els
Batting: RHB José Rodríguez 0-0: Ball
1-0: Swinging Strike
1-1: Ball
2-1: Ball
3-1: Swinging Strike
3-2: Foul Ball, location: 2F
3-2: Fly out, F7 (Flyball, 7M)
Batting: RHB Rodrigo Velasco 0-0: Swinging Strike
0-1: Ground out 6-3 (Groundball, 6)
Batting: RHB Luis Rodríguez 0-0: Swinging Strike
0-1: Ball
1-1: Swinging Strike
1-2: Foul Ball, location: 2F
1-2: Foul Ball, location: 2F
1-2: Foul Ball, location: 2F
1-2: Ball
2-2: Foul Ball, location: 2F
2-2: Strikes out swinging
Bottom of the 2nd over - 0 run(s), 0 hit(s), 0 error(s), 0 left on base; Mt. Vernon 0 - Niagara Falls 1
TOP OF THE 3RD
Mt. Vernon Bulls batting - Pitching for Niagara Falls Expos : RHP Paco Peña
Batting: RHB Jeff Green 0-0: Ball
1-0: Swinging Strike
1-1: Ball
2-1: Swinging Strike
2-2: Strikes out swinging
Batting: RHB Franklin Gestel 0-0: Called Strike
0-1: Called Strike
0-2: Foul Ball, location: 2F
0-2: Strikes out swinging
Batting: LHB Raúl Trevino 0-0: Called Strike
0-1: Ball
1-1: Foul Ball, location: 2F
1-2: Ball
2-2: Strikes out swinging
Top of the 3rd over - 0 run(s), 0 hit(s), 0 error(s), 0 left on base; Mt. Vernon 0 - Niagara Falls 1
BOTTOM OF THE 3RD
Niagara Falls Expos batting - Pitching for Mt. Vernon Bulls : RHP Arnout Els
Batting: RHB António Gonzáles 0-0: Foul Ball, location: 2F
0-1: Ball
1-1: Fly out, F6 (Popup, 5D)
Batting: RHB Michael Peterson 0-0: Ground out 6-3 (Groundball, 6)
Batting: RHB Barkley B. Cooltimes 0-0: Swinging Strike
0-1: Foul Ball, location: 2F
0-2: Strikes out swinging
Bottom of the 3rd over - 0 run(s), 0 hit(s), 0 error(s), 0 left on base; Mt. Vernon 0 - Niagara Falls 1
TOP OF THE 4TH
Mt. Vernon Bulls batting - Pitching for Niagara Falls Expos : RHP Paco Peña
Batting: RHB Habbo Allaart 0-0: Called Strike
0-1: Ball
1-1: Foul Ball, location: 2F
1-2: Foul Ball, location: 2F
1-2: Strikes out swinging
Batting: RHB Alfredo Mojica 0-0: Foul Ball, location: 2F
0-1: Foul Ball, location: 2F
0-2: Ball
1-2: Foul Ball, location: 2F
1-2: Foul Ball, location: 2F
1-2: Ball
2-2: Foul Ball, location: 2F
2-2: Ball
3-2: Fly out, F5 (Popup, 56)
Batting: RHB Luis González 0-0: Called Strike
0-1: Called Strike
0-2: Ball
1-2: Strikes out looking
Top of the 4th over - 0 run(s), 0 hit(s), 0 error(s), 0 left on base; Mt. Vernon 0 - Niagara Falls 1
BOTTOM OF THE 4TH
Niagara Falls Expos batting - Pitching for Mt. Vernon Bulls : RHP Arnout Els
Batting: LHB Manny Valentín 0-0: Foul Ball, location: 2F
0-1: Foul Ball, location: 2F
0-2: Foul Ball, location: 2F
0-2: Strikes out swinging
Batting: RHB John Thompson 0-0: Ground out 4-3 (Groundball, 4)
Batting: RHB Eduardo Torres 0-0: Ball
1-0: Ball
2-0: Swinging Strike
2-1: Fly out, F6 (Popup, 6M)
Bottom of the 4th over - 0 run(s), 0 hit(s), 0 error(s), 0 left on base; Mt. Vernon 0 - Niagara Falls 1
TOP OF THE 5TH
Mt. Vernon Bulls batting - Pitching for Niagara Falls Expos : RHP Paco Peña
Batting: RHB Dennis Morrow 0-0: Called Strike
0-1: Called Strike
0-2: SINGLE (Groundball, 4M)
Batting: RHB Jim Unknown 0-0: Sac Bunt - play at first, batter OUT! 3-4
Dennis Morrow to second
Batting: RHB Luis Campos 0-0: Ball
1-0: Foul Ball, location: 2F
1-1: Called Strike
1-2: Fly out, F7 (Flyball, 7M)
Batting: RHB Jeff Green 0-0: Ball
1-0: Swinging Strike
1-1: Called Strike
1-2: Ball
2-2: Foul Ball, location: 2F
2-2: Ball
3-2: Foul Ball, location: 2F
3-2: Foul Ball, location: 2F
3-2: Foul Ball, location: 2F
3-2: Base on Balls
Batting: RHB Franklin Gestel 0-0: Called Strike
0-1: DOUBLE (Line Drive, 3D)
Dennis Morrow scores
Jeff Green to third
Runner from 3rd tries for Home, SAFE, throw made home
Batting: LHB Raúl Trevino 0-0: Called Strike
0-1: Foul Ball, location: 2F
0-2: Ball
1-2: Strikes out swinging
Top of the 5th over - 2 run(s), 2 hit(s), 0 error(s), 1 left on base; Mt. Vernon 2 - Niagara Falls 1
BOTTOM OF THE 5TH
Niagara Falls Expos batting - Pitching for Mt. Vernon Bulls : RHP Arnout Els
Batting: RHB José Rodríguez 0-0: Foul Ball, location: 2F
0-1: Fly out, F8 (Flyball, 8RM)
Batting: RHB Rodrigo Velasco 0-0: Ball
1-0: Ball
2-0: Ball
3-0: Base on Balls
Batting: RHB Luis Rodríguez 0-0: Called Strike
0-1: Ball
1-1: Swinging Strike
1-2: Ball
2-2: Foul Ball, location: 2F
2-2: Ball
3-2: Fly out, F9 (Flyball, 9M)
Batting: RHB António Gonzáles 0-0: Ground out 4-3 (Groundball, 4)
Bottom of the 5th over - 0 run(s), 0 hit(s), 0 error(s), 1 left on base; Mt. Vernon 2 - Niagara Falls 1
TOP OF THE 6TH
Mt. Vernon Bulls batting - Pitching for Niagara Falls Expos : RHP Paco Peña
Batting: RHB Habbo Allaart 0-0: Foul Ball, location: 2F
0-1: Fly out, F8 (Flyball, 8LD)
Batting: RHB Alfredo Mojica 0-0: Foul Ball, location: 2F
0-1: Foul Ball, location: 2F
0-2: Strikes out looking
Batting: RHB Luis González 0-0: Swinging Strike
0-1: Fly out, F7 (Flyball, 7M)
Top of the 6th over - 0 run(s), 0 hit(s), 0 error(s), 0 left on base; Mt. Vernon 2 - Niagara Falls 1
BOTTOM OF THE 6TH
Niagara Falls Expos batting - Pitching for Mt. Vernon Bulls : RHP Arnout Els
Batting: RHB Michael Peterson 0-0: Foul Ball, location: 2F
0-1: Reached on error, E4 (Groundball, 34)
Batting: RHB Barkley B. Cooltimes 0-0: Ball
1-0: Foul Ball, location: 2F
1-1: Foul Ball, location: 2F
1-2: Ball
2-2: Ball
3-2: Foul Ball, location: 2F
3-2: Ground out 4-3 (Groundball, 4M)
Michael Peterson to second
Batting: LHB Manny Valentín 0-0: Called Strike
0-1: Foul Ball, location: 2F
0-2: Ball
1-2: Ball
2-2: Foul Ball, location: 2F
2-2: Strikes out swinging
Batting: RHB John Thompson 0-0: Fly out, F5 (Line Drive, 5S)
Bottom of the 6th over - 0 run(s), 0 hit(s), 1 error(s), 1 left on base; Mt. Vernon 2 - Niagara Falls 1
TOP OF THE 7TH
Mt. Vernon Bulls batting - Pitching for Niagara Falls Expos : RHP Paco Peña
Batting: RHB Dennis Morrow 0-0: Ball
1-0: Called Strike
1-1: Called Strike
1-2: Ball
2-2: Ball
3-2: Base on Balls
Batting: RHB Jim Unknown 0-0: Ball
Dennis Morrow is caught stealing 2nd base
1-0: Called Strike
1-1: Fly out, F1 (Line Drive, 15)
Batting: RHB Luis Campos 0-0: Ball
1-0: Ball
2-0: Fly out, F7 (Flyball, 78M)
Top of the 7th over - 0 run(s), 0 hit(s), 0 error(s), 0 left on base; Mt. Vernon 2 - Niagara Falls 1
BOTTOM OF THE 7TH
Niagara Falls Expos batting - Pitching for Mt. Vernon Bulls : RHP Arnout Els
Batting: RHB Eduardo Torres 0-0: Swinging Strike
0-1: Ground out 1-3 (Groundball, 13S)
Batting: RHB José Rodríguez 0-0: Foul Ball, location: 2F
0-1: Ball
1-1: Ball
2-1: Ground out 6-3 (Groundball, 6)
Batting: RHB Rodrigo Velasco 0-0: Ball
1-0: Ball
2-0: Ball
3-0: Foul Ball, location: 2F
3-1: Foul Ball, location: 2F
3-2: Base on Balls
Pinch Hitting: LHB Jorge Borbón 0-0: Ground out 4-3 (Groundball, 34)
Bottom of the 7th over - 0 run(s), 0 hit(s), 0 error(s), 1 left on base; Mt. Vernon 2 - Niagara Falls 1
TOP OF THE 8TH
Mt. Vernon Bulls batting - Pitching for Niagara Falls Expos : RHP Paco Peña
Now at 2B: António Jiménez
Batting: RHB Jeff Green 0-0: Ground out 5-3 (Groundball, 5S)
Batting: RHB Franklin Gestel 0-0: Called Strike
0-1: Ball
1-1: Foul Ball, location: 2F
1-2: Ball
2-2: Strikes out swinging
Batting: LHB Raúl Trevino 0-0: Swinging Strike
0-1: Called Strike
0-2: SINGLE (Groundball, 34D)
Pitching: RHP Jim Unknown
Pinch Hitting: RHB Jorge Quezada 0-0: Ball
1-0: Ball
2-0: SINGLE (Line Drive, 4D)
Raúl Trevino to second
Batting: RHB Alfredo Mojica 0-0: Foul Ball, location: 2F
0-1: Foul Ball, location: 2F
0-2: Ball
1-2: Foul Ball, location: 2F
1-2: Ball
2-2: Fly out, F8 (Flyball, 89M)
Top of the 8th over - 0 run(s), 2 hit(s), 0 error(s), 2 left on base; Mt. Vernon 2 - Niagara Falls 1
BOTTOM OF THE 8TH
Niagara Falls Expos batting - Pitching for Mt. Vernon Bulls : RHP Arnout Els
Now in CF: José Macías
Batting: RHB António Gonzáles 0-0: Ball
1-0: Foul Ball, location: 2F
1-1: Ball
2-1: Swinging Strike
2-2: Ball
3-2: Strikes out swinging
Batting: RHB Michael Peterson 0-0: Called Strike
0-1: Fly out, F7 (Line Drive, 7M)
Batting: RHB Barkley B. Cooltimes 0-0: Ball
1-0: Ball
2-0: Called Strike
2-1: Foul Ball, location: 2F
2-2: Strikes out looking
Bottom of the 8th over - 0 run(s), 0 hit(s), 0 error(s), 0 left on base; Mt. Vernon 2 - Niagara Falls 1
TOP OF THE 9TH
Mt. Vernon Bulls batting - Pitching for Niagara Falls Expos : RHP Jim Unknown
Pitching: LHP Jim Unknown
Batting: RHB Luis González 0-0: Called Strike
0-1: Swinging Strike
0-2: Strikes out swinging
Batting: RHB Dennis Morrow 0-0: Ball
1-0: SINGLE (Groundball, 23) (infield hit)
Batting: RHB Jim Unknown 0-0: Called Strike
0-1: Ball
1-1: Swinging Strike
1-2: Ball
2-2: Foul Ball, location: 2F
2-2: Strikes out swinging
Pinch Hitting: RHB Mariano Ramírez 0-0: Ball
1-0: Ball
2-0: Swinging Strike
2-1: Swinging Strike
2-2: Ball
3-2: Strikes out looking
Top of the 9th over - 0 run(s), 1 hit(s), 0 error(s), 1 left on base; Mt. Vernon 2 - Niagara Falls 1
BOTTOM OF THE 9TH
Niagara Falls Expos batting - Pitching for Mt. Vernon Bulls : RHP Arnout Els
Pitching: LHP Cal Haber
Now at 1B: Mariano Ramírez
Pinch Hitting: RHB Víctor García 0-0: Ball
1-0: Ball
2-0: Ball
3-0: Called Strike
3-1: Base on Balls
Pinch Runner at 1st Xing-li Wang:
Batting: RHB John Thompson 0-0: Ball
1-0: Ball
2-0: Ball
3-0: Base on Balls
Xing-li Wang to second
Batting: RHB Eduardo Torres 0-0: Called Strike
0-1: Foul Ball, location: 2F
0-2: Strikes out swinging
Pinch Hitting: RHB Henry Womack 0-0: Ball
1-0: Ball
2-0: Ball
3-0: Called Strike
3-1: Base on Balls
Xing-li Wang to third
John Thompson to second
Batting: RHB Rodrigo Velasco 0-0: Called Strike
0-1: Foul Ball, location: 2F
0-2: Ball
1-2: Strikes out swinging
Batting: RHB António Jiménez 0-0: Called Strike
0-1: SINGLE (Line Drive, 6D)
Xing-li Wang scores
John Thompson to third
Henry Womack to second
Runner from 3rd tries for Home, SAFE, no throw or cutoff
This league is powered by Out of the Park Baseball, the baseball management simulation game for PC, Mac and Linux
Friday, April 15th, 2016 - OOTP Baseball 16.9 Build 39